AoeStats
← joosephy

Nomad

509049623Analyzed
4v4 RM · 6d ago on Sep 25, 2026· 26m 17s· 8 players
Game mode
Random Map
Map size
231×231
Population
200
Speed
Normal
Resources
Standard
Victory
Conquest
Starting age
Dark Age
Ending age
Imperial Age
RankedLock teamsTeams togetherTeam positionsShared explorationLock speedFull tech treeHidden civsTurbo modeCheats
Victory
Defeat
🇨🇳 Dravidians · China
1662
+17
🇨🇳 Shu · China
1652
+17
🇨🇳 Sicilians · China
1613
+19
🇨🇳 Turks · China
1582
+20
🇭🇰 Byzantines · Hong Kong SAR China
1724
-20
🇹🇼 Celts · Taiwan
1688
-19
🇨🇳 Hindustanis · China
1657
-17
🇨🇳 Berbers · China
1648
-17
joosephy
5:03 Loom
14:30 Feudal Age
15:23 Town Watch
17:59 Castle Age
16:05 Fishing Lines
16:19 Double-Bit Axe
19:25 Wheelbarrow
Random Civ Pocket
4:44 Loom
13:45 Feudal Age
20:11 Castle Age
19:29 Double-Bit Axe
枯山水
9:33 Loom
11:56 Feudal Age
15:55 Castle Age
16:33 Forging
16:38 Double-Bit Axe
17:19 Medium Warships
17:45 Bow Saw
21:05 Wheelbarrow
21:52 Fletching
25:51 Hand Cart
Hash-
8:24 Loom
13:50 Feudal Age
14:30 Double-Bit Axe
18:07 Castle Age
16:34 Fishing Lines
17:18 Double-Bit Axe
19:00 Medium Warships
21:12 Bow Saw
24:33 Horse Collar
yyx
12:19 Loom
14:38 Feudal Age
15:12 Town Watch
15:13 Double-Bit Axe
18:39 Castle Age
17:34 Gold Mining
19:25 Husbandry
20:23 Forging
20:22 Scale Barding Armor
blurr
3:42 Loom
4:25 Loom
13:17 Feudal Age
14:03 Town Watch
17:02 Castle Age
18:01 Fletching
18:56 Bodkin Arrow
20:06 Wheelbarrow
22:57 Hand Cart
22:41 Double-Bit Axe
24:55 Bow Saw
布布
10:47 Feudal Age
11:36 Double-Bit Axe
13:15 Loom
16:24 Wheelbarrow
19:02 Castle Age
17:12 Fishing Lines
19:59 Medium Warships
21:39 Forging
21:28 Horse Collar
21:59 Bow Saw
26:53 Hand Cart
26:23 Town Watch
betterlh
5:44 Loom
14:30 Feudal Age
19:36 Castle Age
17:22 Double-Bit Axe
18:33 Town Watch
22:13 Bow Saw
21:43 Horse Collar
22:44 Wheelbarrow
22:49 Fishing Lines
Connection lost

Rejoining the realm…

Still unreachable

The connection could not be restored.

Session expired

The server has moved on; the page needs a fresh start.